 Dungeon Crawl Stone Soup version 0.25-a0-404-gc1b5a34292 (webtiles) character file.

Game seed: 8437499965929955822, levelgen mode: deterministic

816 FessEmpty the Frost Mage (level 7, 0/36 HPs)
             Began as a Deep Elf Ice Elementalist on Jan 12, 2020.
             Succumbed to a scorpion's poison
             ... on level 5 of the Dungeon.
             The game lasted 00:24:25 (4530 turns).

FessEmpty the Frost Mage (DEIE)                     Turns: 4530, Time: 00:24:25

Health: 0/36       AC:  2    Str:  5    XL:     7   Next: 62%
Magic:  13/13      EV: 13    Int: 27    God:
Gold:   146        SH:  0    Dex: 15    Spells: 0/12 levels left

rFire    . . .     SeeInvis .   q - +2 dagger (venom)
rCold    . . .     Gourm    .   (no shield)
rNeg     . . .     Faith    .   a - +0 robe
rPois    .         Spirit   .   (no helmet)
rElec    .         Reflect  .   (no cloak)
rCorr    .         Harm     .   (no gloves)
MR       .....                  (no boots)
Stlth    ++........             (no amulet)
HPRegen  0.12/turn              k - ring of wizardry
MPRegen  0.13/turn              (no ring)

@: brilliant, lethally poisoned (0 -> -6), berserk cooldown, slowed, very slow
A: no striking features
a: no special abilities


You were on level 5 of the Dungeon.
You were not hungry.

You visited 1 branch of the dungeon, and saw 5 of its levels.

You collected 146 gold pieces.

Inventory:

Hand Weapons
 l - a +2 short sword of draining
 q - a +2 dagger of venom (weapon)
Missiles
 f - 4 curare-tipped darts (quivered)
Armour
 a - a +0 robe (worn)
Jewellery
 k - a ring of wizardry (left hand)
Wands
 o - a wand of digging (10)
Scrolls
 b - a scroll of noise {unknown}
 d - a scroll of amnesia
 e - 4 scrolls of teleportation {unknown}
 h - a scroll of random uselessness {unknown}
 i - 2 scrolls of immolation {unknown}
 j - a scroll of fog {unknown}
 m - a scroll of remove curse {unknown}
 r - a scroll of blinking {unknown}
 u - a scroll of enchant weapon {unknown}
Potions
 n - a potion of flight
Comestibles
 c - 7 rations
 s - 3 chunks of flesh


   Skills:
 - Level 2.4 Dodging
 - Level 2.4 Stealth
 - Level 3.0 Spellcasting
 - Level 2.1 Summonings
 + Level 10.1 Ice Magic


You couldn't memorise any spells.
You knew the following spells:

 Your Spells              Type           Power        Failure   Level  Hunger
a - Freeze                Ice            ####         1%          1    None
b - Ozocubu's Armour      Chrm/Ice       #####...     1%          3    ###....
c - Summon Ice Beast      Ice/Summ       ######..     1%          4    ####...
d - Hailstorm             Conj/Ice       #####...     1%          4    ####...

Your spell library contained the following spells:

 Spells                   Type           Power        Failure   Level  Hunger


Dungeon Overview and Level Annotations

Branches:
Dungeon (5/15)
 Temple: D:4-7

Altars:
Ashenzari
Nemelex Xobeh


Message History

You see here a worker ant corpse.
You butcher the worker ant corpse.
s - 3 chunks of flesh Eating one of 3 chunks of flesh.
You eat one of the 3 chunks of flesh.
This raw flesh tastes terrible.
There is a stone staircase leading down here.
A howler monkey zombie comes into view.
The helpless howler monkey zombie fails to defend itself.
You puncture the howler monkey zombie!
The howler monkey zombie is heavily damaged.
The howler monkey zombie hits you.
You hit the howler monkey zombie.
The howler monkey zombie is heavily damaged.
The howler monkey zombie closely misses you.
You hit the howler monkey zombie.
The howler monkey zombie is severely damaged.
The howler monkey zombie barely misses you.
Your ice beast hits the howler monkey zombie.
Your ice beast freezes the howler monkey zombie.
The howler monkey zombie resists.
You hit the howler monkey zombie.
You destroy the howler monkey zombie!
You swap places.
Magic restored.
Your ice beast disappears in a puff of smoke!
There is a large open door here.
An ogre comes into view. It is wielding a +0 giant club.
Casting: Summon Ice Beast (safe; 4% risk of failure)
Confirm with . or Enter, or press ? or * to list all spells.
Okay, then.
Casting: Summon Ice Beast (safe; 4% risk of failure)
Confirm with . or Enter, or press ? or * to list all spells.
A chill wind blows around you.
Throwing (i - inventory)
f - 4 curare-tipped darts (quivered)
Press: ? - help, Shift-Dir - straight line, f - ice beast
Aim: an ice beast (friendly, summoned)
Okay, then.
There is a large open door here.
Your ice beast hits the ogre.
Your ice beast freezes the ogre!
Your ice beast barely misses the ogre.
Your ice beast closely misses the ogre.
Casting: Summon Ice Beast (safe; 4% risk of failure)
Confirm with . or Enter, or press ? or * to list all spells.
A chill wind blows around you.
You hit the ogre.
The ogre is heavily wounded.
The ogre hits you with a +0 giant club!
Your ice beast hits the ogre.
Your ice beast freezes the ogre!
Your ice beast hits the ogre.
Your ice beast freezes the ogre!
The ogre dies!
You start resting.
Your ice beast disappears in a puff of smoke! x2
Magic restored.
You see here a +0 giant club.
There is a large open door here.
A howler monkey comes into view.
The howler monkey howls!
You hear a shout!
The howler monkey hoots and howls with incredible vigour!
Something shouts, "Crawl home, thou prissy sheep-biting pumpion!"
Casting: Summon Ice Beast (safe; 4% risk of failure)
Confirm with . or Enter, or press ? or * to list all spells.
A chill wind blows around you.
You are feeling hungry.
Your ice beast hits the howler monkey.
Your ice beast freezes the howler monkey.
The howler monkey hits your ice beast but does no damage.
Your ice beast hits the howler monkey.
Your ice beast freezes the howler monkey!
The howler monkey dies!
Eating one of 2 chunks of flesh.
You eat one of the 2 chunks of flesh.
This raw flesh tastes terrible.
A shadow imp comes into view.
The shadow imp gestures at you.
You struggle to resist.
An orc comes into view. It is wielding a +0 war axe.
You completely miss the shadow imp. The shadow imp barely misses you.
You hit the shadow imp.
The shadow imp is moderately wounded.
The shadow imp hits you.
Your ice beast misses the shadow imp.
You barely miss the shadow imp.
The shadow imp is moderately wounded.
The shadow imp barely misses you.
Your ice beast closely misses the shadow imp.
You hit the shadow imp but do no damage.
The shadow imp is poisoned.
The shadow imp is moderately wounded.
The shadow imp closely misses you.
Your ice beast hits the shadow imp but does no damage.
You completely miss the shadow imp.
The shadow imp is severely wounded.
The shadow imp completely misses you.
Your ice beast hits the shadow imp but does no damage.
You closely miss the shadow imp.
The shadow imp is almost dead.
The shadow imp hits you but does no damage.
Your ice beast hits the shadow imp.
The shadow imp dies!
You hit the orc.
The orc is poisoned.
The orc is lightly wounded.
The orc hits you with a +0 war axe.
You hit the orc.
The orc looks as sick as possible!
The orc is severely wounded.
You kill the orc!
There is a fountain of clear blue water here.
t - a smoky pink potion You see here 17 stones.
u - a scroll labeled NOGOSO RYZAUNN You butcher the howler monkey corpse.
s - 3 chunks of flesh (gained 2)
You see here a howler monkey skeleton. x2
You butcher the orc corpse.
s - 4 chunks of flesh (gained 1)
Things that are here:
a +0 war axe; an orc skeleton Your ice beast disappears in a puff of smoke!
Things that are here:
a +0 war axe; an orc skeleton You see here a howler monkey skeleton.
There is a large open door here.
You see here a stone.
Some of the chunks of flesh in your inventory have rotted away.
You see here a stone.
HP restored.
You see here a ring mail.
Done exploring.
Search for what [Enter for "armor", or ? for help]?
(D) Dungeon
Where to? (Enter - D:3 @ (x,y), ? - help)
You see here a ring mail.
Things that are here:
a +0 dagger; a +0 leather armour
There is a stone staircase leading down here.
You climb downwards.
There is a stone staircase leading up here.
Found a stone staircase leading down.
A scorpion comes into view.
A quokka comes into view.
Found an escape hatch in the floor.
Found a stone staircase leading up.
Casting: Summon Ice Beast (safe; 4% risk of failure)
Confirm with . or Enter, or press ? or * to list all spells.
Aiming: Freeze (safe; 1% risk of failure)
Press: ? - help, Shift-Dir - straight line, f - scorpion
Aim: a scorpion You freeze the scorpion.
The scorpion is lightly wounded.
The scorpion closely misses you.
Casting: Freeze (safe; 1% risk of failure)
Confirm with . or Enter, or press ? or * to list all spells.
A chill wind blows around you. The quokka closely misses you.
The scorpion stings you! The quokka closely misses you.
You hit the scorpion but do no damage.
The scorpion is poisoned.
The scorpion is lightly wounded.
The scorpion stings you! The quokka closely misses you.
Your ice beast barely misses the scorpion.
You hit the scorpion but do no damage.
The scorpion looks as sick as possible!
The scorpion is moderately wounded.
The scorpion closely misses you. The quokka barely misses you.
Your ice beast hits the scorpion but does no damage.
You hit the scorpion.
The scorpion looks as sick as possible!
The scorpion is severely wounded.
The scorpion stings you!
You are poisoned.
The scorpion poisons you! The quokka bites you.
Your ice beast barely misses the scorpion.
It was a potion of magic.
Magic courses through your body.
* * * LOW HITPOINT WARNING * * *
You feel sick.
You kill the scorpion!
Your Ice Magic skill increases to level 10!
The quokka closely misses you.
It was a potion of brilliance.
You feel clever all of a sudden.
* * * LOW HITPOINT WARNING * * *
You feel sick. The quokka bites you.
* * * LOW HITPOINT WARNING * * *
Your ice beast completely misses the quokka.
The quokka barely misses you.
It was a potion of berserk rage.
A red film seems to cover your vision as you go berserk!
You feel yourself moving faster!
You feel mighty!
You feel sick. The quokka bites you.
* * * LOW HITPOINT WARNING * * *
Your ice beast barely misses the quokka.
You puncture the quokka!
You kill the quokka!
* * * LOW HITPOINT WARNING * * *
You feel sick.
You are too berserk!
Unknown command.
Sorry, you're not good enough to have a special ability.
There is a lethal amount of poison in your body!
There is a lethal amount of poison in your body!
You feel a strong urge to attack something.
* * * LOW HITPOINT WARNING * * *
You feel sick.
You feel your anger nearly subside.
You are no longer berserk.
You are exhausted.
You feel yourself slow down.
* * * LOW HITPOINT WARNING * * *
You feel sick.
You die...

.................##
..................# ..
..........?......###..
.................#....
....#.................
#..................
###...#...........#
..##.....#.....Y†....#.
...#............@.......
....................#...
.......#...###......#
##.#.###...# #......>.
#..#.#.....# #......<##
...........# ##.....##
......##..## #.....#
...#..#...## .......
............#


You could see a friendly ice beast.

Vanquished Creatures
  Sigmund (D:2)
  An ogre (D:4)
  A scorpion (D:5)
  A centaur skeleton (D:4)
  2 hounds
  A howler monkey zombie (D:4)
  A gnoll (D:3)
  9 adders
  3 worms
  2 dart slugs
  4 leopard geckos
  2 orcs
  3 ball pythons
  4 giant cockroaches
  8 goblins
  11 hobgoblins
  2 jackals (D:3)
  3 quokkas
  11 bats
  3 frilled lizards
  10 kobolds
  8 rats
91 creatures vanquished.

Vanquished Creatures (collateral kills)
  An ogre (D:4)
  A phantom (D:4)
  A howler monkey (D:4)
  A gnoll shaman (D:4)
  A hound (D:4)
  An orc priest (D:3)
  Ijyb (D:4)
  4 worker ants (D:4)
  Robin (D:4)
  2 adders (D:4)
  3 gnolls (D:4)
  A shadow imp (D:4)
  An ooze (D:3)
  3 orcs
  5 goblins (D:4)
  4 hobgoblins (D:4)
  A kobold (D:3)
32 creatures vanquished.

Grand Total: 123 creatures vanquished

Notes
Turn   | Place    | Note
-------+----------+-------------------------------------------
     0 | D:1      | FessEmpty the Deep Elf Ice Elementalist began the quest for
                  | the Orb.
     0 | D:1      | Reached XP level 1. HP: 10/10 MP: 6/6
   160 | D:1      | Reached XP level 2. HP: 15/15 MP: 2/8
   278 | D:1      | Reached skill level 5 in Ice Magic
   749 | D:1      | Reached XP level 3. HP: 19/19 MP: 5/9
   754 | D:1      | Learned a level 3 spell: Ozocubu's Armour
  1382 | D:2      | Found a shattered altar of Ashenzari.
  1395 | D:2      | Reached skill level 6 in Ice Magic
  1487 | D:2      | Reached XP level 4. HP: 16/24 MP: 6/10
  1859 | D:2      | Noticed Sigmund
  1874 | D:2      | Killed Sigmund
  1874 | D:2      | Reached skill level 8 in Ice Magic
  1874 | D:2      | Reached XP level 5. HP: 26/28 MP: 1/11
  2153 | D:2      | Learned a level 4 spell: Summon Ice Beast
  2262 | D:2      | Reached XP level 6. HP: 30/32 MP: 9/12
  2486 | D:3      | Reached skill level 1 in Summonings
  2836 | D:3      | Found a sparkling altar of Nemelex Xobeh.
  3856 | D:4      | Noticed Ijyb
  3865 | D:4      | Killed Ijyb
  3889 | D:4      | Noticed Robin
  3901 | D:4      | Reached skill level 9 in Ice Magic
  3901 | D:4      | Reached XP level 7. HP: 33/36 MP: 1/13
  3910 | D:4      | Killed Robin
  4221 | D:4      | Learned a level 4 spell: Hailstorm
  4498 | D:5      | Entered Level 5 of the Dungeon
  4522 | D:5      | Reached skill level 10 in Ice Magic
  4529 | D:5      | HP: 1/36 [poisoned by a scorpion]
  4530 | D:5      | Succumbed to a scorpion's poison

Levels and vault maps discovered:
D:1:      dpeg_arrival_subterranean_lakeside_camping, layout_basic
D:2:      layout_basic, lemuel_crystal_altar, bh_walls_and_bars, uniq_sigmund
D:3:      minmay_angry_zag, layout_loops_ring,
          nemelex_xobeh_ov_fountains_minmay, minmay_misc_feat_diagonals
D:4:      kennysheep_big_flooded_room, layout_rooms, minmay_pentomino_pile,
          uniq_ijyb, uniq_robin
D:5:      layout_cave_pools, lemuel_zombie_altar_yredelemnul,
          lemuel_coloured_pillars_altar, minmay_temple_entry_overgrown,
          first_ration, minmay_manual_mail, uniq_eustachio

Skill      XL: |  1  2  3  4  5  6  7 |
---------------+----------------------+-----
Ice Magic      | 5 6 8 9 10 | 10.1
Summonings     | 2 |  2.1
Dodging        | |  2.4
Stealth        | |  2.4
Spellcasting   | |  3.0

Action                   |  1- 3 |  4- 6 |  7- 9 || total
-------------------------+-------+-------+-------++-------
Melee: Short sword       |     1 |    24 |     4 ||    29
       Dagger            |       |       |    27 ||    27
 Cast: Freeze            |    56 |    92 |     1 ||   149
       Ozocubu's Armour  |     2 |     9 |       ||    11
       Summon Ice Beast  |       |    10 |     8 ||    18
  Use: Scroll            |     1 |       |       ||     1
       Potion            |       |     3 |     3 ||     6
 Stab: Sleeping          |       |     3 |     1 ||     4
  Eat: Chunk             |     2 |     9 |     4 ||    15
Armor: Robe              |     5 |    27 |     1 ||    33
Dodge: Dodged            |    23 |    59 |    24 ||   106

Table legend:
 A = Non-vault XP
 B = Vault XP
 C = Vault XP percentage of total XP
 D = Non-vault monster count
 E = Vault monster count
 F = Vault count percentage of total count
                 A         B        C        D         E       F
            +---------+---------+-------+---------+---------+-------
      Total |     766 |     400 |  34.3 |      98 |      25 |  20.3
            +---------+---------+-------+---------+---------+-------
        D:1 |      48 |       3 |   5.9 |      26 |       2 |   7.1
        D:2 |      98 |     231 |  70.2 |      19 |       1 |   5.0
        D:3 |     181 |      33 |  15.4 |      32 |       6 |  15.8
        D:4 |     367 |     133 |  26.6 |      19 |      16 |  45.7
        D:5 |      72 |       0 |   0.0 |       2 |       0 |   0.0
            +---------+---------+-------+---------+---------+-------
